 Dungeon Crawl Stone Soup version 0.20-a0-309-gcba9277 (webtiles) character file.

66505 Amnesiac the Unseen (level 14, 0/94 HPs)
             Began as a Deep Elf Enchanter on Dec 19, 2016.
             Was the Champion of Dithmenos.
             Splashed by an antique lich's acid (12 damage)
             ... in a wizard's laboratory on Dec 20, 2016.
             The game lasted 00:52:47 (17626 turns).

Amnesiac the Unseen (Deep Elf Enchanter)           Turns: 17626, Time: 00:52:48

Health: 0/94       AC: 13    Str:  6    XL:     14   Next: 79%
Magic:  29/30      EV: 21    Int: 24    God:    Dithmenos [******]
Gold:   1005       SH: 15    Dex: 21    Spells: 5/33 levels left

rFire  + + .     SeeInvis +     i - +2 dagger (venom)
rCold  + . .     Gourm    .     f - +2 robe {Archmagi}
rNeg   + . .     Faith    .     r - +1 buckler
rPois  .         Spirit   .     (no helmet)
rElec  .         Reflect  +     I - +0 cloak
rCorr  .         Harm     .     K - +1 pair of gloves "Onuosox" {rF++ rC+ Str-4 Int+2}
MR     +....     Rnd*Rage +     (no boots)
Stlth  ++++++++++ Rnd*Tele +    l - brooch of Shielding {Reflect SH+8}
                                H - ring of positive energy
                                s - +5 ring of strength

@: very slightly contaminated, wreathed by umbra, invisible
A: hooves 1, icy blue scales 1, iridescent scales 1, yellow scales 1, camouflage
1, see invisible, agile 1, berserk 1, robust 1, teleportitis 1
a: Shadow Step, Shadow Form, Renounce Religion


You were in a wizard's laboratory.
You worshipped Dithmenos.
Dithmenos was exalted by your worship.
You were not hungry.

You visited 4 branches of the dungeon, and saw 16 of its levels.
You also visited: Labyrinth and Wizlab.

You collected 1915 gold pieces.
You spent 910 gold pieces at shops.

Inventory:

Hand Weapons
 i - a +2 dagger of venom (weapon)
Armour
 f - a +2 robe of the Archmagi (worn)
 r - a +1 buckler (worn)
 v - the +2 robe "Jesosuyxt" {rF+ Int+3}
   (You found it on level 9 of the Dungeon)

   It affects your intelligence (+3).
   It protects you from fire.
 I - a +0 cloak (worn)
 K - the +1 pair of gloves "Onuosox" (worn) {rF++ rC+ Str-4 Int+2}
   (You found it in a labyrinth)

   It affects your strength (-4).
   It affects your intelligence (+2).
   It greatly protects you from fire.
   It protects you from cold.
 M - the +1 pair of gloves of Prudence {MR+++ Slay-5}
   (You found it in a labyrinth)

   It affects your accuracy and damage with ranged weapons and melee attacks
   (-5).
   It affects your resistance to hostile enchantments.
Jewellery
 c - an uncursed ring of protection from cold {unknown}
 l - the brooch of Shielding (around neck) {Reflect SH+8}
   (You found it on level 4 of the Dungeon)

   [amulet of reflection]

   It shields you and reflects attacks.
   It affects your SH (+8).
 o - an uncursed ring of ice
 s - a +5 ring of strength (left hand)
 t - an uncursed ring of fire
 H - a ring of positive energy (right hand)
Wands
 w - a wand of iceblast (10/15)
 y - a wand of digging (17/24)
 D - a wand of lightning (8/15)
Scrolls
 b - 2 scrolls of recharging
 m - 3 scrolls of enchant armour
 n - 2 scrolls of remove curse
 C - a scroll of teleportation
 E - a scroll of fog
 F - a scroll of identify
Potions
 a - 2 potions of might
 e - a potion of curing
 g - 2 potions of brilliance
 p - a potion of magic
 x - 2 potions of heal wounds
 z - 4 potions of berserk rage
 A - a potion of invisibility
 B - a potion of flight
 G - a potion of mutation
Comestibles
 d - 11 bread rations
 h - 7 meat rations
 j - 2 slices of pizza
 k - 5 fruits
 u - 2 beef jerkies
 L - 5 royal jellies


   Skills:
 - Level 9.0 Fighting
 - Level 10.0 Short Blades
 - Level 10.4 Dodging
 + Level 19.6 Stealth
 - Level 4.0 Shields
 - Level 10.0 Spellcasting
 - Level 13.0 Hexes


You had 5 spell levels left.
You knew the following spells:

 Your Spells              Type           Power        Failure   Level  Hunger
a - Corona                Hex            #######      1%          1    None
b - Dazzling Spray        Conj/Hex       ######       1%          3    None
c - Invisibility          Hex            #######.     4%          6    ######.
d - Repel Missiles        Chrm/Air       ###...       10%         2    None
e - Confuse               Hex            #######.     1%          3    None
f - Blink                 Tloc           N/A          10%         2    None
g - Mephitic Cloud        Conj/Pois/Air  ###.....     17%         3    None
h - Magic Dart            Conj           ###.         6%          1    None
i - Summon Butterflies    Summ           ###.....     6%          1    None
j - Apportation           Tloc           ###.......   6%          1    None
w - Tukima's Dance        Hex            #######.     1%          3    None
z - Ensorcelled Hibernat  Hex/Ice        ######       1%          2    None


Dungeon Overview and Level Annotations

Branches:
Dungeon (11/15)            Temple (1/1) D:4            Lair (0/6) D:11
    Orc (2/2) D:11            Elf (2/3) Orc:2

Altars:
Ashenzari
Cheibriados
Dithmenos
Elyvilon
Fedhas
Gozag
Hepliaklqana
Kikubaaqudgha
Makhleb
Nemelex Xobeh
Okawaru
Qazlal
Ru
Sif Muna
Trog
Uskayaw
Vehumet
Xom
Yredelemnul
Zin
The Shining One

Shops:
D:5 =   Orc:2 [:(*


Innate Abilities, Weirdness & Mutations

You have large cloven feet.
You are partially covered in icy blue scales. (AC +2)
You are partially covered in iridescent scales. (AC +2)
You are partially covered in yellow scales. (AC +2)
Your skin changes colour to match your surroundings (Stealth+).
You have supernaturally acute eyesight. (SInv)
You are agile. (Dex +2)
You tend to lose your temper in combat.
You are robust. (+10% HP)
You are occasionally teleported next to monsters.


Message History

No target in view!
No target in view!
You see here a flail.
You open the door.
There is an open door here.
An antique lich comes into view.
You open the door.
Found four items.
You catch the helpless antique lich completely off-guard!
You impale the antique lich!!
The antique lich is moderately damaged.
Your shadow barely misses the antique lich.
The antique lich casts a spell at you. The bolt of acid hits you!
You emit a cloud of dark smoke.
You are splashed with acid!
The acid burns!
You emit a cloud of dark smoke.
The antique lich gestures at you while chanting.
The bolt of acid hits you!
* * * LOW HITPOINT WARNING * * *
You are splashed with acid!
The acid burns!
You die...

#♣♣...................##
♣......................#
♣......#########.......♣
#♣......# !! ?! #...)!..#
#......## .#. ##......#
#....### ##'## ###...♣#
#♣...# #...# #....#
#....# ###§..### #...♣♣
♣♣...# #.§§@...# #)).♣
#....####.L§8...# ##...♣
#♣...#..'.§§§...+..#...♣#
♣....#.)###...###z.#....♣
#♣...#....#...#.z..#.)..♣
#....###.)#####..###....#
#......##...#...##).....#
♣.......#.).#...#.......#
♣♣......####'####......♣#


You could see an antique lich.

Vanquished Creatures
  Saint Roka (Orc:2)
  2 deep elf sorcerers (Elf:1)
  The ghost of murphy the Severer, a journeyman MiBe of Trog (Orc:2)
  An orc warlord (Orc:2)
  Azrael (Elf:1)
  Josephine (Orc:2)
  A minotaur (Lab)
  Fannar (Orc:1)
  2 two-headed ogres
  5 orc high priests
  5 skeletal warriors (WizLab)
  11 deep elf knights
  A wizard (Elf:1)
  4 deep elf archers
  3 orc knights
  2 cyclopes
  4 orc sorcerers (Orc:2)
  27 deep elf magi
  Joseph (D:10)
  Psyche (D:9)
  Maurice (Orc:1)
  5 trolls
  11 dancing weapons
  A wind drake (shapeshifter) (Elf:2)
  Grinder (D:6)
  Prince Ribbit (D:6)
  2 hippogriffs (D:11)
  2 water elementals (Elf:2)
  2 air elementals (Elf:2)
  4 vampires (WizLab)
  3 yaks (D:11)
  A spriggan (D:7)
  3 wraiths (Orc:2)
  A wyvern (D:11)
  6 fire elementals
  A basilisk (D:11)
  Menkaure (D:4)
  6 wargs
  6 two-headed ogre zombies (WizLab)
  A water moccasin (D:5)
  Duvessa (D:6)
  A hell hound (Elf:1)
  A swamp drake (D:11)
  41 orc warriors
  A black bear (D:6)
  4 ice beasts
  10 ogres
  2 phantoms
  5 sky beasts
  2 boggarts (Elf:1)
  3 centaurs
  3 crocodiles (D:11)
  2 big kobolds
  2 bullfrogs
  A gnoll sergeant (D:8)
  Dowan (D:6)
  4 scorpions
  A wyvern skeleton (D:9)
  A water moccasin skeleton (D:11)
  8 troll zombies (WizLab)
  3 killer bees (D:7)
  5 wights (WizLab)
  3 electric eels (D:11)
  7 howler monkeys
  A crimson imp (D:6)
  A bullfrog zombie (D:4)
  2 centaur zombies
  3 centaur skeletons
  4 hounds
  2 jellies (D:7)
  Crazy Yiuf (D:6)
  10 orc priests
  3 bullfrog skeletons
  7 iguanas
  12 orc wizards
  8 worker ants
  6 ogre zombies (WizLab)
  3 hound zombies
  2 hound skeletons
  A howler monkey zombie (D:9)
  A worker ant zombie (D:6)
  A howler monkey skeleton (D:11)
  4 gnolls (D:8)
  10 adders
  2 oozes
  2 adder zombies
  3 adder skeletons
  3 worms
  2 dart slugs
  4 leopard geckos
  69 orcs
  A ball python (D:6)
  10 giant cockroaches
  9 goblins
  14 hobgoblins
  16 jackals
  7 quokkas
  3 bats
  4 frilled lizards
  2 giant cockroach zombies (D:4)
  A jackal skeleton (D:4)
  A jackal zombie (D:4)
  25 kobolds
  A leopard gecko skeleton (D:4)
  A quokka skeleton (D:4)
  2 rats
  A fungus (Orc:2)
511 creatures vanquished.

Vanquished Creatures (collateral kills)
  Rupert (Orc:1)
  Donald (Orc:2)
  An ogre (D:4)
  2 orcs (Orc:2)
5 creatures vanquished.

Vanquished Creatures (others)
  4 dancing weapons
  A hell hound (Elf:1)
  An orc (D:11)
  21 fungi (Orc:2)
27 creatures vanquished.

Grand Total: 543 creatures vanquished

Notes
Turn   | Place    | Note
-------+----------+-------------------------------------------
     0 | D:1      | Amnesiac the Deep Elf Enchanter began the quest for the Orb.
     0 | D:1      | Reached XP level 1. HP: 10/10 MP: 6/6
   324 | D:1      | Reached XP level 2. HP: 11/15 MP: 8/8
   333 | D:1      | Learned a level 2 spell: Ensorcelled Hibernation
   411 | D:2      | Reached skill level 4 in Stealth
   793 | D:4      | Found a staircase to the Ecumenical Temple.
   798 | Temple   | Entered the Ecumenical Temple
  1011 | Temple   | Became a worshipper of Dithmenos the Shadowed
  1157 | D:1      | Reached XP level 3. HP: 16/19 MP: 10/10
  1162 | D:1      | Learned a level 3 spell: Tukima's Dance
  1166 | D:1      | Learned a level 3 spell: Confuse
  1918 | D:1      | Found a sparkling altar of Nemelex Xobeh.
  2227 | D:2      | Found a shattered altar of Ashenzari.
  2724 | D:2      | Reached * piety under Dithmenos
  2737 | D:2      | Reached XP level 4. HP: 20/24 MP: 6/12
  3491 | D:4      | Noticed Menkaure
  3574 | D:4      | Noticed an ogre
  3582 | D:4      | Killed an ogre
  3582 | D:4      | Reached skill level 5 in Hexes
  3582 | D:4      | Reached XP level 5. HP: 28/28 MP: 6/13
  3626 | D:4      | Noticed an ogre
  3670 | D:4      | Killed an ogre
  3670 | D:4      | Reached skill level 5 in Stealth
  3682 | D:4      | Reached XP level 6. HP: 29/32 MP: 0/15
  3787 | D:4      | Reached skill level 5 in Spellcasting
  4257 | D:4      | Reached XP level 7. HP: 34/36 MP: 15/17
  4323 | D:4      | Reached ** piety under Dithmenos
  4598 | D:4      | Killed Menkaure
  4598 | D:4      | Reached skill level 1 in Shields
  4681 | D:5      | Entered Level 5 of the Dungeon
  4681 | D:5      | Found an opulent altar of Gozag.
  4681 | D:5      | Found a deep blue altar of Sif Muna.
  4750 | D:5      | Gained mutation: You are resistant to hostile enchantments. (MR+) [mutagenic meat]
  4751 | D:5      | Gained mutation: Your skin changes colour to match your surroundings (Stealth+). [mutagenic meat]
  4752 | D:5      | Gained mutation: You occasionally shout uncontrollably at your foes. [mutagenic meat]
  4753 | D:5      | Gained mutation: You are occasionally teleported next to monsters. [mutagenic meat]
  4859 | D:5      | Reached XP level 8. HP: 41/41 MP: 14/18
  5014 | D:5      | Reached skill level 5 in Dodging
  5014 | D:5      | Reached skill level 6 in Stealth
  5032 | D:5      | Gained mutation: You are robust. (+10% HP) [mutagenic meat]
  5033 | D:5      | Lost mutation: You occasionally shout uncontrollably at your foes. [mutagenic meat]
  5034 | D:5      | Gained mutation: You are agile. (Dex +2) [mutagenic meat]
  5035 | D:5      | Gained mutation: Your muscles are strong. (Str +2) [mutagenic meat]
  5036 | D:5      | Gained mutation: You are partially covered in yellow scales. (AC +2) [mutagenic meat]
  5078 | D:5      | Found Suin's Jewellery Shoppe.
  5222 | D:5      | Found a shattered altar of Ashenzari.
  5289 | D:5      | Lost mutation: Your muscles are strong. (Str +2) [mutagenic meat]
  5290 | D:5      | Gained mutation: Your muscles are strong. (Str +2) [mutagenic meat]
  5291 | D:5      | Gained mutation: You are partially covered in icy blue scales. (AC +2) [mutagenic meat]
  5292 | D:5      | Gained mutation: You expend magic power (3 MP) to strengthen your wands. [mutagenic meat]
  5293 | D:5      | Lost mutation: You are robust. (+10% HP) [mutagenic meat]
  5294 | D:5      | Gained mutation: You are partially covered in iridescent scales. (AC +2) [mutagenic meat]
  5774 | D:6      | Found a runed door.
  5778 | D:6      | Noticed Crazy Yiuf
  5782 | D:6      | Killed Crazy Yiuf
  5832 | D:6      | Noticed Prince Ribbit
  5844 | D:6      | Reached XP level 9. HP: 42/45 MP: 9/20
  5848 | D:6      | Killed Prince Ribbit
  5848 | D:6      | Reached *** piety under Dithmenos
  5848 | D:6      | Reached skill level 7 in Stealth
  5875 | D:6      | Reached skill level 5 in Short Blades
  5883 | D:6      | Noticed Dowan
  5884 | D:6      | Noticed Duvessa
  5889 | D:6      | Killed Duvessa
  5893 | D:6      | Noticed Grinder
  5914 | D:6      | Killed Grinder
  6119 | D:6      | Killed Dowan
  6751 | D:7      | Found a burning altar of Makhleb.
  6923 | D:7      | Reached skill level 8 in Stealth
  7002 | D:8      | Reached **** piety under Dithmenos
  7092 | D:8      | Noticed a two-headed ogre
  7104 | D:8      | Killed a two-headed ogre
  7104 | D:8      | Reached skill level 10 in Hexes
  7104 | D:8      | Reached XP level 10. HP: 47/50 MP: 18/23
  7583 | D:8      | Reached ***** piety under Dithmenos
  7588 | D:8      | Gained mutation: You are very agile. (Dex +4) [potion of mutation]
  7588 | D:8      | Lost mutation: You are resistant to hostile enchantments. (MR+) [potion of mutation]
  7588 | D:8      | Lost mutation: Your muscles are strong. (Str +2) [potion of mutation]
  7848 | D:9      | Found a stormy altar of Qazlal.
  7926 | D:9      | Noticed Psyche
  7929 | D:9      | Got a warped robe
  7940 | D:9      | Identified the +2 robe "Jesosuyxt" {rF+ Int+3} (You found it on level 9 of the Dungeon)
  7949 | D:9      | Killed Psyche
  8266 | D:10     | Entered Level 10 of the Dungeon
  8341 | D:10     | Noticed Joseph
  8351 | D:10     | Killed Joseph
  8413 | D:10     | Reached skill level 9 in Stealth
  8576 | D:10     | Learned a level 3 spell: Dazzling Spray
  9121 | D:11     | Noticed a two-headed ogre
  9131 | D:11     | Killed a two-headed ogre
  9131 | D:11     | Reached XP level 11. HP: 54/54 MP: 22/26
  9268 | D:11     | Found a labyrinth entrance.
  9276 | Lab      | Entered a labyrinth
  9457 | Lab      | Noticed a minotaur
  9474 | Lab      | Killed a minotaur
  9480 | Lab      | Identified the Handbook of Frigorific Summoning
  9482 | Lab      | Got a pair of brightly glowing gloves
  9482 | Lab      | Got a pair of twisted gloves
  9489 | D:11     | Learned a level 1 spell: Summon Butterflies
  9856 | D:11     | Identified the +1 pair of gloves "Onuosox" {rF++ rC+ Str-4 Int+2} (You found it in a labyrinth)
  9866 | D:11     | Identified the +1 pair of gloves of Prudence {MR+++ Slay-5} (You found it in a labyrinth)
  9891 | D:11     | Lost mutation: You are very agile. (Dex +4) [mutagenic meat]
  9892 | D:11     | Gained mutation: You are robust. (+10% HP) [mutagenic meat]
  9893 | D:11     | Lost mutation: You expend magic power (3 MP) to strengthen your wands. [mutagenic meat]
  9894 | D:11     | Gained mutation: You tend to lose your temper in combat. [mutagenic meat]
  9896 | D:11     | Gained mutation: You have supernaturally acute eyesight. (SInv) [mutagenic meat]
  9938 | D:11     | Reached skill level 10 in Stealth
 10186 | D:11     | Found a staircase to the Orcish Mines.
 10245 | D:11     | Found a glowing golden altar of the Shining One.
 10365 | D:11     | Found a staircase to the Lair.
 10480 | Orc:1    | Entered Level 1 of the Orcish Mines
 10488 | Orc:1    | Noticed Fannar
 10496 | Orc:1    | Killed Fannar
 10562 | Orc:1    | Reached ****** piety under Dithmenos
 10717 | Orc:2    | Entered Level 2 of the Orcish Mines
 10718 | Orc:2    | Noticed Donald
 10723 | Orc:2    | Found Ryong's Antique Weapon Shoppe.
 10723 | Orc:2    | Noticed an orc sorcerer
 10723 | Orc:2    | Noticed an orc sorcerer
 10773 | Orc:1    | Reached skill level 10 in Dodging
 10789 | Orc:1    | Noticed Maurice
 10792 | Orc:1    | Killed Maurice
 10874 | Orc:1    | Noticed an orc knight
 10908 | Orc:1    | Reached skill level 10 in Spellcasting
 10915 | Orc:1    | Killed an orc knight
 11079 | Orc:1    | Reached skill level 11 in Stealth
 11153 | Orc:2    | Noticed Rupert
 11179 | Orc:2    | Found Ipu Ixodgh's Antique Armour Emporium.
 11179 | Orc:2    | Noticed an orc high priest
 11236 | Orc:2    | Reached skill level 1 in Fighting
 11247 | Orc:2    | Noticed a soul eater
 11330 | Orc:1    | Killed an orc high priest
 11424 | Orc:2    | Noticed an orc high priest
 11425 | Orc:2    | Noticed an orc sorcerer
 11427 | Orc:2    | Found Yczem's General Store.
 11429 | Orc:2    | Noticed an orc high priest
 11442 | Orc:2    | Reached XP level 12. HP: 48/70 MP: 17/28
 11465 | Orc:2    | Killed an orc high priest
 11495 | Orc:2    | Killed an orc high priest
 11497 | Orc:2    | Reached skill level 5 in Fighting
 11743 | Orc:2    | Noticed an orc high priest
 11744 | Orc:2    | Noticed an orc high priest
 11809 | Orc:2    | Killed an orc high priest
 11849 | Orc:2    | Killed an orc high priest
 12039 | Orc:2    | Noticed Josephine
 12192 | Orc:2    | Noticed an orc warlord
 12210 | Orc:2    | Noticed Saint Roka
 12264 | Orc:2    | Killed an orc warlord
 12373 | Orc:2    | Paralysed by Rupert for 7 turns
 12686 | Orc:2    | Reached skill level 10 in Short Blades
 12773 | Orc:2    | Found Senla's Book Shop.
 13450 | Orc:1    | Killed Rupert
 13558 | Orc:2    | Noticed murphy's ghost (journeyman MiBe)
 13571 | Orc:2    | Killed murphy's ghost
 13599 | Orc:2    | Bought a book of Minor Magic for 260 gold pieces
 13602 | Orc:2    | Learned a level 2 spell: Repel Missiles
 13605 | Orc:2    | Learned a level 2 spell: Blink
 13609 | Orc:2    | Learned a level 3 spell: Mephitic Cloud
 13614 | Orc:2    | Learned a level 1 spell: Magic Dart
 13690 | Orc:2    | Killed Donald
 13690 | Orc:2    | Reached XP level 13. HP: 85/85 MP: 10/29
 13798 | Orc:2    | Killed Saint Roka
 13933 | Orc:2    | Killed Josephine
 14067 | Orc:2    | Found a staircase to the Elven Halls.
 14532 | Orc:2    | Bought a book of Party Tricks for 650 gold pieces
 14539 | Orc:2    | Learned a level 6 spell: Invisibility
 14541 | Orc:2    | Learned a level 1 spell: Apportation
 14580 | Elf:1    | Entered Level 1 of the Elven Halls
 14736 | Elf:1    | Reached skill level 12 in Stealth
 14936 | Elf:1    | Reached skill level 13 in Stealth
 15188 | Elf:1    | Reached skill level 14 in Stealth
 15276 | Elf:1    | Noticed a deep elf sorcerer
 15384 | Elf:1    | Killed a deep elf sorcerer
 15533 | Elf:1    | Reached skill level 15 in Stealth
 15652 | Elf:1    | Noticed Azrael
 15744 | Elf:1    | Killed Azrael
 15956 | Elf:1    | Reached XP level 14. HP: 94/94 MP: 22/30
 15964 | Elf:1    | Reached skill level 16 in Stealth
 16027 | Elf:1    | Noticed a deep elf sorcerer
 16033 | Elf:1    | Killed a deep elf sorcerer
 16458 | Elf:2    | Reached skill level 17 in Stealth
 16557 | Elf:2    | Gained mutation: You have large cloven feet. [mutagenic meat]
 16811 | Elf:2    | Reached skill level 18 in Stealth
 16851 | Elf:2    | Found a huge runed gate.
 16852 | Elf:2    | Found a huge runed gate.
 16853 | Elf:2    | Found a huge runed gate.
 16854 | Elf:2    | Found a huge runed gate.
 16855 | Elf:2    | Found a huge runed gate.
 16933 | Elf:2    | Found a magical portal.
 16957 | WizLab   | Entered Zonguldrok's Shrine
 17053 | WizLab   | Reached skill level 19 in Stealth
 17598 | WizLab   | Noticed an ancient champion
 17619 | WizLab   | Noticed an antique lich
 17626 | WizLab   | Splashed by an antique lich's acid

Vault maps used:
D:1:      eino_arrival_cavern_d, nemelex_diamond_rough_becter
D:2:      ashenzari_altar_1
D:4:      serial_undead, serial_undead_e, serial_undead_c, serial_undead_b,
          serial_undead_b, serial_undead_f, serial_undead_a, serial_undead_e,
          serial_undead_d, kennysheep_generic_room_4, uniq_menkaure
D:5:      chequers_temple_overflow_statue_of_worship, kennysheep_mini_moat,
          first_bread, serial_shops, nicolae_shop_statue_plus,
          minmay_misc_feat_square
D:6:      black_bear_nest_2, uniq_grinder, uniq_crazy_yiuf_cottage,
          uniq_duvessa, uniq_prince_ribbit1
D:7:      the_bakery, makhleb_heckhound_becter
D:8:      corexii_shantytown, kennysheep_generic_room_3
D:9:      nicolae_qazlal_general_emergency, uniq_psyche
D:10:     uniq_joseph
D:11:     erik_lair_dragon, erik_orc_2, lab_entry_generic,
          hangedman_decor_diamond_cutter, tso_altar
Temple:   dpeg_five_rooms_temple
Orc:1:    uniq_fannar, uniq_maurice
Orc:2:    grunt_orc_gardens, grunt_orc_garden, grunt_orc_garden,
          grunt_orc_garden, grunt_orc_garden, nicolae_orc_lava_room,
          uniq_donald, uniq_rupert, uniq_josephine, uniq_saint_roka
Elf:1:    eino_elf_arrival_sip, hangedman_elf_disciples, roderic_roman_lattice,
          uniq_azrael
Elf:2:    infiniplex_enter_wizlab_glasses,
          nicolae_elf_glass_and_crystal_pillar_1
Lab:      labyrinth_spiral
WizLab:   wizlab_zonguldrok

Skill      XL: |  1  2  3  4  5  6  7  8  9 10 11 12 13 14 |
---------------+-------------------------------------------+-----
Short Blades   | 2 3 4 6 7 8 10 | 10.0
Stealth        | 4 5 6 8 9 11 15 19 | 19.6
Spellcasting   | 4 5 6 7 9 10 | 10.0
Dodging        | 3 4 5 7 8 10 | 10.4
Hexes          | 5 6 7 10 11 13 | 13.0
Shields        | 3 4 |  4.0
Fighting       | 2 8 9 |  9.0

Action                   |  1- 3 |  4- 6 |  7- 9 | 10-12 | 13-15 || total
-------------------------+-------+-------+-------+-------+-------++-------
Melee: Dagger            |    19 |       |       |   102 |   332 ||   453
       Short sword       |    99 |   124 |   295 |   333 |       ||   851
       Kick              |       |       |       |       |    60 ||    60
 Cast: Corona            |     5 |       |       |       |       ||     5
       Ensorcelled Hiber |     9 |     2 |    22 |    82 |     6 ||   121
       Confuse           |     3 |    20 |    37 |    91 |    71 ||   222
       Tukima's Dance    |       |     4 |       |    22 |     1 ||    27
       Dazzling Spray    |       |       |       |     3 |     9 ||    12
       Magic Dart        |       |       |       |     5 |       ||     5
       Invisibility      |       |       |       |       |    10 ||    10
Evoke: Wand              |       |       |       |     5 |       ||     5
  Use: Scroll            |       |       |    21 |    13 |       ||    34
       Potion            |       |       |     1 |     5 |       ||     6
 Stab: Sleeping          |    11 |     8 |    47 |   121 |    49 ||   236
       Confused          |     1 |    12 |    27 |    53 |    61 ||   154
       Distracted        |       |       |     2 |     3 |     3 ||     8
       Invisible         |       |       |       |       |    13 ||    13
  Eat: Chunk             |     6 |     7 |    25 |    25 |    16 ||    79
       Fruit             |       |       |       |     2 |       ||     2
       Meat ration       |       |       |       |       |     1 ||     1
Armor: Robe              |    17 |    18 |    25 |    23 |    19 ||   102
Dodge: Dodged            |    86 |    95 |   131 |   127 |    94 ||   533
Block: Buckler           |       |       |    81 |   181 |   109 ||   371
       Reflection        |       |       |     2 |    11 |       ||    13
